 Dungeon Crawl Stone Soup version 0.19-a0-19-gf75ed07 (webtiles) character file.

14557 epen the Covert (level 11, -1/64 HPs)
             Began as a Vampire Enchanter on Apr 30, 2016.
             Was an Elder of Dithmenos.
             Slain by a wolf (11 damage)
             ... in an ice cave.
             The game lasted 00:45:24 (14569 turns).

epen the Covert (Vampire Enchanter)                Turns: 14569, Time: 00:45:25

Health: -1/64      AC:  7    Str:  7    XL:     11   Next: 90%
Magic:  4/21       EV: 24    Int: 17    God:    Dithmenos [****..]
Gold:   183        SH:  0    Dex: 26    Spells: 5 memorised, 11 levels left

rFire  + . .     SeeInvis +     E - +7 rapier "Urakiedi" {drain, Int-2 Dex+9}
rCold  + + +     Gourm    .     u - +2 robe {rC+ rF+}
rNeg   + + +     Faith    .     (no shield)
rPois  +         Spirit   .     (no helmet)
rElec  .         Dismiss  .     t - +0 cloak
rCorr  .         Reflect  .     p - +1 pair of gloves
SustAt .         Harm     .     (no boots)
MR     +....                    (no amulet)
Stlth  +++++++++.               b - ring of flight
                                H - ring of protection from cold

@: very slightly contaminated, regenerating slowly, wreathed by umbra, somewhat
resistant to hostile enchantments, incredibly stealthy
A: fangs 3, see invisible, frail 2, unbreathing
a: Bat Form, Shadow Step, Renounce Religion, Evoke Flight


You were in an ice cave.
You worshipped Dithmenos.
Dithmenos was greatly pleased with you.
You were near bloodless.

You visited 2 branches of the dungeon, and saw 12 of its levels.
You also visited: Ice Cave.

You collected 673 gold pieces.
You spent 490 gold pieces at shops.

Inventory:

Hand Weapons
 a - a +1 dagger
 l - a +1 dagger of speed
 E - the +7 rapier "Urakiedi" (weapon) {drain, Int-2 Dex+9}
   (You took it off a gnoll on level 7 of the Dungeon)

   A truly terrible weapon, it drains the life of those it strikes.
   It affects your intelligence (-2).
   It affects your dexterity (+9).
Missiles
 q - a throwing net (quivered)
Armour
 p - a +1 pair of gloves (worn)
 t - a +0 cloak (worn)
 u - a +2 robe of resistance (worn)
Jewellery
 b - a ring of flight (right hand)
 H - a ring of protection from cold (left hand)
Wands
 m - a wand of teleportation (2/9)
 s - a wand of enslavement (12/24)
 v - a wand of lightning (7/15)
 y - a wand of lightning (5/15)
 D - a wand of iceblast (8/15)
 F - a wand of digging (10/24)
 I - a wand of lightning (4/15)
 L - a wand of iceblast (6/15)
 M - a wand of random effects (22/48)
Scrolls
 f - a scroll of random uselessness
 h - 3 scrolls of recharging
 j - 3 scrolls of amnesia
 n - 3 scrolls of remove curse
 w - a scroll of enchant weapon
 A - a scroll of torment {unknown}
 B - 2 scrolls of identify
Potions
 d - 40 potions of blood
 e - 7 potions of curing
 g - 2 potions of haste
 i - 2 potions of magic
 k - 4 potions of agility
 o - 2 potions of berserk rage
 r - a potion of heal wounds
 x - a potion of lignification
 G - a potion of might
 J - a potion of brilliance
 N - 2 potions of flight {unknown}
Books
 c - a book of Maledictions

   Spells                             Type                      Level
   a - Corona                         Hexes                        1
   b - Ensorcelled Hibernation        Hexes/Ice                    2
   c - Confuse                        Hexes                        3
   d - Tukima's Dance                 Hexes                        3
   e - Dazzling Spray                 Conjuration/Hexes            3
 z - a Grand Grimoire

   Spells                             Type                      Level
   a - Monstrous Menagerie            Summoning                    7
   b - Summon Greater Demon           Summoning                    7
   c - Malign Gateway                 Summoning/Translocation      7
   d - Summon Horrible Things         Summoning                    8
 C - the Almanac of the Dark Entourage
   (You found it on level 7 of the Dungeon)

   Spells                             Type                      Level
   a - Call Imp                       Summoning                    2
   b - Summon Guardian Golem          Hexes/Summoning              3
   c - Summon Ice Beast               Ice/Summoning                4
   d - Summon Lightning Spire         Summoning/Air                4
   e - Bolt of Draining               Conjuration/Necromancy       5
 K - a book of Unlife

   Spells                             Type                      Level
   a - Recall                         Summoning/Translocation      3
   b - Animate Dead                   Necromancy                   4
   c - Control Undead                 Necromancy                   4
   d - Cigotuvi's Embrace             Necromancy                   5
   e - Death Channel                  Necromancy                   6
   f - Simulacrum                     Ice/Necromancy               6


   Skills:
 + Level 5.9 Fighting
 * Level 10.5 Short Blades
 * Level 10.8 Dodging
 + Level 11.1 Stealth
 + Level 6.7 Spellcasting
 + Level 9.9 Hexes
 * Level 3.4 Invocations


You had 11 spell levels left.
You knew the following spells:

 Your Spells              Type           Power        Failure   Level  Hunger
a - Corona                Hex            #####..      1%          1    None
b - Ensorcelled Hibernat  Hex/Ice        ###...       2%          2    None
c - Tukima's Dance        Hex            #####...     1%          3    ##.....
d - Confuse               Hex            #####...     1%          3    ##.....
e - Dazzling Spray        Conj/Hex       ###.....     6%          3    ##.....


Dungeon Overview and Level Annotations

Branches:
Dungeon (11/15)            Temple (1/1) D:4            Lair (0/8) D:9
    Orc: D:9-12

Altars:
Ashenzari
Cheibriados
Dithmenos
Elyvilon
Fedhas
Gozag
Kikubaaqudgha
Makhleb
Nemelex Xobeh
Okawaru
Pakellas
Qazlal
Ru
Sif Muna
Trog
Vehumet
Xom
Yredelemnul
Zin
The Shining One

Shops:
D:4 (   D:6 [

Annotations:
D:6 exclusion: orc wizard IceCv exclusion: ice statue


Innate Abilities, Weirdness & Mutations

You heal slowly.
You have razor-sharp teeth.
You have supernaturally acute eyesight.
You can survive without breathing.
You are very frail (-20% HP).


Message History

Unknown command.
Casting: Dazzling Spray
Confirm with . or Enter, or press ? or * to list all spells.
Aiming: Dazzling Spray
Press: ? - help, Shift-Dir - straight line, f/p - ice statue
Aim: an ice statue (almost destroyed, umbra)
The spray of energy hits the ice statue.
The ice statue is almost destroyed.
The spray of energy hits the ice beast.
The ice beast is lightly wounded.
The ice beast is dazzled.
The spray of energy hits the wolf.
The wolf is almost dead.
The wolf bites you!
* * * LOW HITPOINT WARNING * * *
The wolf closely misses you. The ice statue gestures at you.
The bolt of cold misses you. The wolf bites you!
* * * LOW HITPOINT WARNING * * *
The wolf bites you!
You die...

## #.#
..#
##Y.##
#@8..##
##hh...#
#.Y.#..#
##..##
..#
#..## .#
#.## .#
#.## #
##.#
##.#


You could see an ice statue, 2 ice beasts and 2 wolves.

Vanquished Creatures
  Erolcha (D:8)
  An unseen horror (D:8)
  A hill giant (D:9)
  An ugly thing (D:9)
  A centaur zombie (D:8)
  A queen bee (D:10)
  5 polar bears (IceCv)
  16 yaks (IceCv)
  A wyvern (D:9)
  A hungry ghost (D:7)
  3 hippogriffs
  2 water moccasins
  4 orc warriors
  A black bear (D:10)
  2 phantoms (D:5)
  A porcupine (D:9)
  4 ice beasts
  4 sky beasts
  3 ogres
  8 wolves (IceCv)
  5 centaurs
  3 crocodiles
  Blork the orc (D:4)
  3 giant frogs
  2 water moccasin zombies
  38 killer bees
  A scorpion (D:6)
  15 wights
  5 howler monkeys
  8 crimson imps
  3 jellies
  5 hounds
  2 giant frog skeletons
  10 orc priests
  2 centaur skeletons
  4 iguanas
  7 orc wizards
  A hell rat (D:9)
  9 worker ants
  3 hound zombies
  A hound skeleton (D:5)
  A howler monkey zombie (D:9)
  11 gnolls
  A worker ant zombie (D:8)
  12 adders
  2 oozes
  An adder zombie (D:5)
  An adder skeleton (D:8)
  4 worms
  4 giant geckos
  25 orcs
  3 ball pythons
  9 bats
  6 giant cockroaches
  5 goblins
  7 hobgoblins
  22 jackals
  6 kobolds
  4 quokkas
  2 ball python skeletons
  3 giant gecko zombies
  6 giant newts
  9 rats
  A spectral orc (D:2)
334 creatures vanquished.

Vanquished Creatures (collateral kills)
  A centaur (D:7)
  4 orcs (D:7)
5 creatures vanquished.

Vanquished Creatures (others)
  An orc warrior (D:5)
  An ogre (D:5)
  A scorpion (D:5)
  2 worker ants (D:5)
  An adder (D:5)
  A worm (D:5)
  A jackal (D:5)
8 creatures vanquished.

Grand Total: 347 creatures vanquished

Notes
Turn   | Place    | Note
--------------------------------------------------------------
     0 | D:1      | epen the Vampire Enchanter began the quest for the Orb.
     0 | D:1      | Reached XP level 1. HP: 13/13 MP: 3/3
   314 | D:1      | Reached XP level 2. HP: 19/19 MP: 5/5
   318 | D:1      | Learned a level 2 spell: Ensorcelled Hibernation
   795 | D:2      | Reached XP level 3. HP: 24/25 MP: 2/6
  1184 | D:2      | Reached skill level 1 in Fighting
  1199 | D:2      | Reached XP level 4. HP: 32/32 MP: 5/7
  1278 | D:2      | Found a basalt altar of Yredelemnul.
  1439 | D:2      | Learned a level 3 spell: Tukima's Dance
  1488 | D:3      | Reached skill level 5 in Stealth
  1878 | D:3      | Found a white marble altar of Elyvilon.
  2405 | D:3      | Found a burning altar of Makhleb.
  2406 | D:3      | Found a radiant altar of Vehumet.
  2593 | D:3      | Reached XP level 5. HP: 18/37 MP: 0/9
  3657 | D:3      | Learned a level 3 spell: Confuse
  3803 | D:4      | Reached skill level 5 in Hexes
  3999 | D:4      | Reached XP level 6. HP: 32/43 MP: 4/10
  4085 | D:4      | Found Hyarghox's Weapon Shop.
  4099 | D:4      | Found an ancient bone altar of Kikubaaqudgha.
  4855 | D:4      | Found a staircase to the Ecumenical Temple.
  4936 | Temple   | Entered the Ecumenical Temple
  4944 | Temple   | Became a worshipper of Dithmenos the Shadowed
  5134 | D:4      | Noticed Blork the orc
  5168 | D:4      | Killed Blork the orc
  5468 | D:4      | Reached XP level 7. HP: 50/50 MP: 8/11
  5699 | D:5      | Entered Level 5 of the Dungeon
  5726 | D:5      | Found a shimmering altar of Xom.
  5739 | D:5      | Reached skill level 6 in Stealth
  6577 | D:5      | Reached skill level 5 in Dodging
  6672 | D:5      | Reached skill level 5 in Short Blades
  6755 | D:5      | Reached * piety under Dithmenos
  6755 | D:5      | Reached XP level 8. HP: 55/57 MP: 13/13
  7151 | D:6      | Found a shattered altar of Ashenzari.
  7187 | D:6      | Found Quoz's Armour Emporium.
  7213 | D:6      | Reached skill level 7 in Stealth
  8140 | D:6      | Learned a level 3 spell: Dazzling Spray
  8241 | D:6      | Found a deep blue altar of Sif Muna.
  8367 | D:6      | Identified Sif Muna's Disquisition on Companions
  8474 | D:6      | Found a glowing silver altar of Zin.
  8740 | D:7      | Identified the Almanac of the Dark Entourage
  8856 | D:7      | Reached skill level 8 in Stealth
  9139 | D:7      | Reached ** piety under Dithmenos
  9156 | D:7      | Reached XP level 9. HP: 39/64 MP: 7/15
  9370 | D:7      | Found a snail-covered altar of Cheibriados.
  9408 | D:7      | Got a polished rapier {drain}
  9409 | D:7      | Identified the +7 rapier "Urakiedi" {drain, Int-2 Dex+9} (You took it off a gnoll on level 7 of the Dungeon)
 10084 | D:8      | Noticed Erolcha
 10091 | D:8      | Found an opulent altar of Gozag.
 10095 | D:8      | Killed Erolcha
 10095 | D:8      | Reached skill level 9 in Stealth
 10095 | D:8      | Reached skill level 5 in Spellcasting
 10130 | D:8      | Gained mutation: You are frail (-10% HP). [potion of mutation]
 10130 | D:8      | Gained mutation: You are very frail (-20% HP). [potion of mutation]
 10178 | D:8      | Reached XP level 10. HP: 48/58 MP: 17/17
 10189 | D:8      | Noticed an unseen horror
 10210 | D:8      | Killed an unseen horror
 10976 | D:9      | Noticed a hill giant
 10983 | D:9      | Killed a hill giant
 11005 | D:9      | Found a staircase to the Lair.
 11005 | D:9      | Found a bloodstained altar of Trog.
 11034 | D:9      | Reached skill level 5 in Fighting
 11103 | D:9      | Reached *** piety under Dithmenos
 11109 | D:9      | Noticed a purple ugly thing
 11122 | D:9      | Killed a purple ugly thing
 11122 | D:9      | Reached skill level 10 in Stealth
 11977 | D:9      | Reached XP level 11. HP: 42/64 MP: 19/19
 12235 | D:9      | Reached skill level 10 in Dodging
 12248 | D:10     | Entered Level 10 of the Dungeon
 12761 | D:6      | Bought a +2 robe of resistance for 490 gold pieces
 12848 | D:10     | Reached skill level 1 in Invocations
 12870 | D:10     | Reached **** piety under Dithmenos
 13467 | D:11     | Found a frozen archway.
 13471 | IceCv    | Entered an ice cave
 13525 | IceCv    | Reached skill level 10 in Short Blades
 13947 | IceCv    | Reached skill level 11 in Stealth
 14569 | IceCv    | Slain by a wolf

Vault maps used:
D:1:      saegor_arrival_simple_c, hangedman_decor_growths,
          hangedman_decor_points, serial_park_tiny_pond, minivault_11
D:2:      yredelemnul_forgotten_temple_becter
D:3:      grunt_temple_overflow_lords_of_destruction, elyvilon_altar_5
D:4:      old_standard_altar, minmay_temple_entry_enclosed_plants, first_bread,
          serial_shops, shop_fountains, uniq_blork_the_orc
D:5:      xom_confusion_cloud, st_stairs_12
D:6:      evilmike_ruin_ashenzari, led_sif_book, zin_scriptorium, serial_shops,
          shop_coins
D:7:      cheibrodos_worm_habitat
D:8:      lemuel_crystal_altar, uniq_erolcha
D:9:      bloody_trog, dpeg_lair_monsters
D:10:     david_nohive_1
D:11:     boulder_indie, portal_ice_cave_entry_pillars_01, serial_bayou,
          serial_bayou_lagoon_a, serial_bayou_crossing, serial_bayou_pond_d,
          serial_bayou_shore_b
Temple:   temple_eino_lava_8
IceCv:    ice_cave_caverns_01

Skill      XL: |  1  2  3  4  5  6  7  8  9 10 11 |
---------------+----------------------------------+-----
Short Blades   | 2 3 4 5 6 8 9 10 | 10.5
Fighting       | 1 2 3 4 5 |  5.9
Dodging        | 3 4 5 6 8 9 10 | 10.8
Stealth        | 5 6 8 9 10 11 | 11.1
Spellcasting   | 3 4 5 6 |  6.7
Hexes          | 5 6 7 9 |  9.9
Invocations    | 3 |  3.4

Action                   |  1- 3 |  4- 6 |  7- 9 | 10-12 || total
-------------------------+-------+-------+-------+-------++-------
Melee: Dagger            |    90 |   363 |   457 |       ||   910
       Bite              |     4 |    41 |    43 |    59 ||   147
       Rapier            |       |       |    33 |   448 ||   481
 Cast: Ensorcelled Hiber |     4 |    48 |    68 |    60 ||   180
       Confuse           |       |     5 |    36 |    15 ||    56
       Tukima's Dance    |       |       |     2 |       ||     2
       Dazzling Spray    |       |       |     3 |    13 ||    16
 Abil: End Transformatio |       |     1 |     5 |       ||     6
       Bat Form          |       |     1 |     5 |       ||     6
  Use: Scroll            |       |     8 |     5 |    12 ||    25
       Potion            |       |     2 |     4 |     1 ||     7
 Stab: Sleeping          |    10 |    30 |    48 |    64 ||   152
       Confused          |       |     4 |    19 |     9 ||    32
       Invisible         |       |       |     2 |       ||     2
       Distracted        |       |       |     1 |     6 ||     7
Armor: Robe              |    21 |    50 |    26 |    39 ||   136
Dodge: Dodged            |    68 |   155 |   276 |   547 ||  1046
